TOP OF THE 1ST |
San Francisco Giants batting - Pitching for Milwaukee Brewers : LHP Lewis Thorpe Jr.
|
Pitching: LHP Lewis Thorpe Jr.
|
|
Batting: RHB Nick Rigden
|
0-0: Called Strike 0-1: Ground out 1-3 (Groundball, 15S, EV 62.5 MPH)
|
Batting: RHB Lucan Esini
|
0-0: Called Strike 0-1: Fly out, F4 (Line Drive, 4, EV 65.0 MPH)
|
Batting: RHB Sean Zielinski
|
0-0: DOUBLE (Flyball, 7LD, EV 101.2 MPH)
|
Batting: LHB Jack Henningar
|
0-0: Foul Ball, location: 2F 0-1: Ball 1-1: Foul Ball, location: 2F 1-2: Foul Ball, location: 2F 1-2: Ball 2-2: Ground out 6-3 (Groundball, 6, EV 106.9 MPH)
|
Top of the 1st over - 0 runs, 1 hit, 0 errors, 1 left on base; San Francisco 0 - Milwaukee 0 |
BOTTOM OF THE 1ST |
Milwaukee Brewers batting - Pitching for San Francisco Giants : RHP Curt Howland
|
Pitching: RHP Curt Howland
|
|
Batting: SHB Lewis Thorpe Jr.
|
0-0: Called Strike 0-1: Swinging Strike 0-2: Ball 1-2: Ball 2-2: Fly out, F7 (Flyball, 7D, EV 99.4 MPH)
|
Batting: SHB Junzo Kato
|
0-0: Ball 1-0: Called Strike 1-1: Swinging Strike 1-2: DOUBLE (Line Drive, 7LM, EV 107.5 MPH)
|
Batting: RHB Bobby Muniz
|
0-0: Ball 1-0: Called Strike 1-1: Foul Ball, location: 2F 1-2: DOUBLE (Flyball, 8LXD, EV 105.0 MPH) Junzo Kato scores
|
Batting: RHB Mike Thornton
|
0-0: Foul Ball, location: 2F 0-1: Ball 1-1: Called Strike 1-2: Ball 2-2: SINGLE (Groundball, 6MD, EV 109.4 MPH) Bobby Muniz to third
|
Batting: SHB Pat Wilson
|
0-0: Ball 1-0: Ball 2-0: Fly out, F7 (Flyball, 78S, EV 86.2 MPH)
|
Batting: RHB Adrian Rudkilde
|
0-0: Ball 1-0: Ground out 6-3 (Groundball, 56D, EV 101.9 MPH)
|
Bottom of the 1st over - 1 run, 3 hits, 0 errors, 2 left on base; San Francisco 0 - Milwaukee 1 |
TOP OF THE 2ND |
San Francisco Giants batting - Pitching for Milwaukee Brewers : LHP Lewis Thorpe Jr.
|
Batting: SHB Ryan Doss
|
0-0: Ball 1-0: Ball 2-0: SINGLE (Groundball, 56D, EV 99.4 MPH)
|
Batting: LHB Carey Horncole
|
0-0: Ball Ryan Doss is caught stealing 2nd base 2-6 1-0: SINGLE (Groundball, 6MS, EV 65.0 MPH) (infield hit)
|
Batting: RHB Nate Hodson
|
0-0: Ball 1-0: Ball 2-0: Foul Ball, location: 2F 2-1: Foul Ball, location: 2F 2-2: 2-RUN HOME RUN (Line Drive, 78XD, EV 105.6 MPH), Distance : 416 ft
|
Batting: RHB John Creel
|
0-0: Foul Ball, location: 2F 0-1: Called Strike 0-2: Ball 1-2: Foul Ball, location: 2F 1-2: Ground out 1-3 (Groundball, 13, EV 71.9 MPH)
|
Batting: RHB Roberto Duron
|
0-0: Ball 1-0: Ground out 5-3 (Groundball, 56, EV 104.4 MPH)
|
Top of the 2nd over - 2 runs, 3 hits, 0 errors, 0 left on base; San Francisco 2 - Milwaukee 1 |
BOTTOM OF THE 2ND |
Milwaukee Brewers batting - Pitching for San Francisco Giants : RHP Curt Howland
|
Batting: RHB Daniel Donovan
|
0-0: Ball 1-0: Swinging Strike 1-1: Ball 2-1: SINGLE (Groundball, 5S, EV 70.0 MPH) (infield hit)
|
Batting: RHB Kisho Ito
|
0-0: Called Strike 0-1: Called Strike 0-2: Ball 1-2: Fly out, F8 (Flyball, 8LXD, EV 85.0 MPH)
|
Batting: LHB Chad Persaud
|
0-0: Swinging Strike 0-1: Ball 1-1: Swinging Strike 1-2: Foul Ball, location: 2F 1-2: Ball 2-2: Strikes out looking
|
Batting: SHB Lewis Thorpe Jr.
|
0-0: Ball 1-0: 2-RUN HOME RUN (Flyball, 7D, EV 98.1 MPH), Distance : 377 ft
|
Batting: SHB Junzo Kato
|
0-0: Fly out, F9 (Flyball, 89S, EV 90.0 MPH)
|
Bottom of the 2nd over - 2 runs, 2 hits, 0 errors, 0 left on base; San Francisco 2 - Milwaukee 3 |
TOP OF THE 3RD |
San Francisco Giants batting - Pitching for Milwaukee Brewers : LHP Lewis Thorpe Jr.
|
Batting: RHB Nick Rigden
|
0-0: Foul Ball, location: 2F 0-1: Foul Ball, location: 2F 0-2: Foul Ball, location: 2F 0-2: Strikes out swinging
|
Batting: RHB Lucan Esini
|
0-0: Ground out 6-3 (Groundball, 6, EV 83.1 MPH)
|
Batting: RHB Sean Zielinski
|
0-0: Ball 1-0: Called Strike 1-1: Foul Ball, location: 2F 1-2: Foul Ball, location: 2F 1-2: Strikes out swinging
|
Top of the 3rd over - 0 runs, 0 hits, 0 errors, 0 left on base; San Francisco 2 - Milwaukee 3 |
BOTTOM OF THE 3RD |
Milwaukee Brewers batting - Pitching for San Francisco Giants : RHP Curt Howland
|
Batting: RHB Bobby Muniz
|
0-0: Called Strike 0-1: Ball 1-1: Ball 2-1: Ball 3-1: Reached on error, E6 (Groundball, 6M, EV 88.1 MPH)
|
Batting: RHB Mike Thornton
|
0-0: Foul Ball, location: 2F 0-1: Ball 1-1: Fly out, F3 (Popup, 3SF, EV 86.2 MPH)
|
Batting: SHB Pat Wilson
|
0-0: Ball 1-0: Ball 2-0: DOUBLE (Line Drive, 78D, EV 107.5 MPH) Bobby Muniz to third
|
Batting: RHB Adrian Rudkilde
|
0-0: Fly out, F9 (Flyball, 89M, EV 88.8 MPH)
|
Batting: RHB Daniel Donovan
|
0-0: Called Strike 0-1: Ball 1-1: Ball 2-1: Ball 3-1: Foul Ball, location: 2F 3-2: Fly out, F9 (Flyball, 9S, EV 76.9 MPH)
|
Bottom of the 3rd over - 0 runs, 1 hit, 1 error, 2 left on base; San Francisco 2 - Milwaukee 3 |
TOP OF THE 4TH |
San Francisco Giants batting - Pitching for Milwaukee Brewers : LHP Lewis Thorpe Jr.
|
Batting: LHB Jack Henningar
|
0-0: Ball 1-0: Called Strike 1-1: Ball 2-1: Foul Ball, location: 2F 2-2: DOUBLE (Line Drive, 9LS, EV 100.6 MPH)
|
Batting: SHB Ryan Doss
|
0-0: Called Strike 0-1: Foul Ball, location: 2F 0-2: Ball 1-2: Strikes out swinging
|
Batting: LHB Carey Horncole
|
0-0: Ball 1-0: Ball 2-0: Ball 3-0: Called Strike 3-1: Base on Balls
|
Batting: RHB Nate Hodson
|
0-0: SINGLE (Line Drive, 7LS, EV 100.6 MPH) Jack Henningar to third Carey Horncole to second
|
Batting: RHB John Creel
|
0-0: Ball 1-0: Called Strike 1-1: Ball 2-1: Fly out, F8 (Flyball, 8LM, EV 90.6 MPH)
|
Batting: RHB Roberto Duron
|
0-0: Ball 1-0: Called Strike 1-1: Fielders Choice at 2nd, 5-4 (Groundball, 5, EV 81.9 MPH)
|
Top of the 4th over - 0 runs, 2 hits, 0 errors, 3 left on base; San Francisco 2 - Milwaukee 3 |
BOTTOM OF THE 4TH |
Milwaukee Brewers batting - Pitching for San Francisco Giants : RHP Curt Howland
|
Batting: RHB Kisho Ito
|
0-0: Called Strike 0-1: Ball 1-1: SINGLE (Line Drive, 7LS, EV 88.8 MPH)
|
Batting: LHB Chad Persaud
|
0-0: Called Strike Kisho Ito is caught stealing 2nd base 2-6 0-1: Called Strike 0-2: Ball 1-2: Foul Ball, location: 2F 1-2: Strikes out looking
|
Batting: SHB Lewis Thorpe Jr.
|
0-0: Ball 1-0: Ball 2-0: Foul Ball, location: 2F 2-1: Ball 3-1: Called Strike 3-2: Strikes out swinging
|
Bottom of the 4th over - 0 runs, 1 hit, 0 errors, 0 left on base; San Francisco 2 - Milwaukee 3 |
TOP OF THE 5TH |
San Francisco Giants batting - Pitching for Milwaukee Brewers : LHP Lewis Thorpe Jr.
|
Batting: RHB Nick Rigden
|
0-0: Ball 1-0: SINGLE (Groundball, 56, EV 94.4 MPH) (infield hit)
|
Batting: RHB Lucan Esini
|
0-0: Ball 1-0: Ball 2-0: Foul Ball, location: 2F 2-1: Foul Ball, location: 2F 2-2: Strikes out looking
|
Batting: RHB Sean Zielinski
|
0-0: Foul Ball, location: 2F 0-1: Ball 1-1: Called Strike Nick Rigden is caught stealing 2nd base 2-4 1-2: Ground out 6-3 (Groundball, 6S, EV 78.8 MPH)
|
Top of the 5th over - 0 runs, 1 hit, 0 errors, 0 left on base; San Francisco 2 - Milwaukee 3 |
BOTTOM OF THE 5TH |
Milwaukee Brewers batting - Pitching for San Francisco Giants : RHP Curt Howland
|
Batting: SHB Junzo Kato
|
0-0: Ball 1-0: Ball 2-0: Swinging Strike 2-1: Fly out, F8 (Flyball, 8RD, EV 87.5 MPH)
|
Batting: RHB Bobby Muniz
|
0-0: Ball 1-0: Ball 2-0: Ball 3-0: Base on Balls
|
Batting: RHB Mike Thornton
|
0-0: Swinging Strike 0-1: SINGLE (Groundball, 56D, EV 101.2 MPH) Bobby Muniz to second
|
Batting: SHB Pat Wilson
|
0-0: Fly out, F8 (Flyball, 8RD, EV 104.4 MPH)
|
Batting: RHB Adrian Rudkilde
|
0-0: Ball 1-0: Foul Ball, location: 2F 1-1: Ball 2-1: Ball 3-1: Swinging Strike 3-2: Foul Ball, location: 2F 3-2: Foul Ball, location: 2F 3-2: Foul Ball, location: 2F 3-2: Strikes out looking
|
Bottom of the 5th over - 0 runs, 1 hit, 0 errors, 2 left on base; San Francisco 2 - Milwaukee 3 |
TOP OF THE 6TH |
San Francisco Giants batting - Pitching for Milwaukee Brewers : LHP Lewis Thorpe Jr.
|
Batting: LHB Jack Henningar
|
0-0: TRIPLE (Flyball, 89XD, EV 110.0 MPH)
|
Batting: SHB Ryan Doss
|
0-0: Called Strike 0-1: Ball 1-1: Fly out, F7 (Flyball, 7S, EV 90.6 MPH) Runner from 3rd tags up, OUT at HOME! 7-2
|
Now in LF: Pat Wilson
|
|
Now in CF: Akitada Nishizawa
|
|
Batting: LHB Carey Horncole
|
0-0: Foul Ball, location: 2F 0-1: Ball 1-1: Ball 2-1: Ball 3-1: Foul Ball, location: 2F 3-2: Base on Balls
|
Batting: RHB Nate Hodson
|
0-0: Fly out, F8 (Flyball, 8RM, EV 92.5 MPH)
|
Top of the 6th over - 0 runs, 1 hit, 0 errors, 1 left on base; San Francisco 2 - Milwaukee 3 |
BOTTOM OF THE 6TH |
Milwaukee Brewers batting - Pitching for San Francisco Giants : RHP Curt Howland
|
Batting: RHB Akitada Nishizawa
|
0-0: Ball 1-0: Called Strike 1-1: Foul Ball, location: 2F 1-2: SINGLE (Groundball, 56D, EV 102.5 MPH)
|
Batting: RHB Kisho Ito
|
0-0: Ball 1-0: Called Strike 1-1: Foul Ball, location: 2F 1-2: Ball 2-2: Grounds into double play, 4-6-3 (Groundball, 4, EV 100.6 MPH)
|
Batting: LHB Chad Persaud
|
0-0: Called Strike 0-1: Swinging Strike 0-2: Strikes out swinging
|
Bottom of the 6th over - 0 runs, 1 hit, 0 errors, 0 left on base; San Francisco 2 - Milwaukee 3 |
TOP OF THE 7TH |
San Francisco Giants batting - Pitching for Milwaukee Brewers : LHP Lewis Thorpe Jr.
|
Batting: RHB John Creel
|
0-0: DOUBLE (Flyball, 8LXD, EV 100.6 MPH)
|
Batting: RHB Roberto Duron
|
0-0: Ball 1-0: Called Strike 1-1: Foul Ball, location: 2F 1-2: Foul Ball, location: 2F 1-2: Fly out, F8 (Flyball, 8RM, EV 96.2 MPH)
|
Batting: RHB Nick Rigden
|
0-0: Fly out, F8 (Flyball, 8LD, EV 90.0 MPH)
|
Batting: RHB Lucan Esini
|
0-0: Swinging Strike 0-1: SINGLE (Groundball, 6MD, EV 96.2 MPH) John Creel to third Runner from 3rd tries for Home, SAFE, throw by CF to home
|
Pitching: RHP Mekonen Mahfudh
|
|
Batting: RHB Sean Zielinski
|
0-0: Called Strike 0-1: Ball 1-1: Ball 2-1: Ball 3-1: Fly out, F8 (Flyball, 8LD, EV 100.0 MPH)
|
Top of the 7th over - 1 run, 2 hits, 0 errors, 1 left on base; San Francisco 3 - Milwaukee 3 |
BOTTOM OF THE 7TH |
Milwaukee Brewers batting - Pitching for San Francisco Giants : RHP Curt Howland
|
Pitching: RHP Tim Welshman
|
|
Batting: SHB Lewis Thorpe Jr.
|
0-0: Swinging Strike 0-1: SINGLE (Line Drive, 78S, EV 106.2 MPH)
|
Batting: SHB Junzo Kato
|
0-0: Ball 1-0: Foul Ball, location: 2F 1-1: Called Strike Lewis Thorpe Jr. steals 2nd base 1-2: Strikes out swinging
|
Batting: RHB Bobby Muniz
|
0-0: Ball 1-0: Ball 2-0: Ground out 3-1 (Groundball, 34, EV 85.0 MPH) Lewis Thorpe Jr. to third
|
Batting: RHB Mike Thornton
|
0-0: Ball 1-0: Ball 2-0: Fly out, F8 (Flyball, 89M, EV 95.6 MPH)
|
Bottom of the 7th over - 0 runs, 1 hit, 0 errors, 1 left on base; San Francisco 3 - Milwaukee 3 |
TOP OF THE 8TH |
San Francisco Giants batting - Pitching for Milwaukee Brewers : RHP Mekonen Mahfudh
|
Pitching: LHP Antonio Diaz
|
|
Batting: LHB Jack Henningar
|
0-0: Ball 1-0: Ball 2-0: Called Strike 2-1: Called Strike 2-2: Ground out 1-3 (Groundball, 15S, EV 70.0 MPH)
|
Batting: SHB Ryan Doss
|
0-0: Ground out 6-3 (Groundball, 6S, EV 85.0 MPH)
|
Batting: LHB Carey Horncole
|
0-0: Ball 1-0: Fly out, F8 (Flyball, 8RXD, EV 103.1 MPH)
|
Top of the 8th over - 0 runs, 0 hits, 0 errors, 0 left on base; San Francisco 3 - Milwaukee 3 |
BOTTOM OF THE 8TH |
Milwaukee Brewers batting - Pitching for San Francisco Giants : RHP Tim Welshman
|
Batting: SHB Pat Wilson
|
0-0: Foul Ball, location: 2F 0-1: Foul Ball, location: 2F 0-2: Strikes out looking
|
Batting: RHB Adrian Rudkilde
|
0-0: Called Strike 0-1: Ball 1-1: Ground out 6-3 (Groundball, 6, EV 91.2 MPH)
|
Batting: RHB Akitada Nishizawa
|
0-0: Ball 1-0: Ball 2-0: Ball 3-0: Base on Balls
|
Batting: RHB Kisho Ito
|
0-0: SINGLE (Line Drive, 34D, EV 96.9 MPH) Akitada Nishizawa to second Runner from 2nd tries for 3rd, SAFE, no throw by RF
|
Batting: LHB Chad Persaud
|
0-0: Called Strike 0-1: Foul Ball, location: 2F 0-2: Foul Ball, location: 2F 0-2: Ball 1-2: Ball 2-2: Fly out, F8 (Flyball, 8LXD, EV 74.4 MPH)
|
Bottom of the 8th over - 0 runs, 1 hit, 0 errors, 2 left on base; San Francisco 3 - Milwaukee 3 |
TOP OF THE 9TH |
San Francisco Giants batting - Pitching for Milwaukee Brewers : LHP Antonio Diaz
|
Batting: RHB Nate Hodson
|
0-0: Ball 1-0: Ball 2-0: Ball 3-0: Called Strike 3-1: Swinging Strike 3-2: Foul Ball, location: 2F 3-2: Strikes out swinging
|
Batting: RHB John Creel
|
0-0: Called Strike 0-1: Fly out, F8 (Flyball, 78M, EV 78.8 MPH)
|
Batting: RHB Roberto Duron
|
0-0: Foul Ball, location: 2F 0-1: Ball 1-1: Ball 2-1: Called Strike 2-2: Strikes out swinging
|
Top of the 9th over - 0 runs, 0 hits, 0 errors, 0 left on base; San Francisco 3 - Milwaukee 3 |
BOTTOM OF THE 9TH |
Milwaukee Brewers batting - Pitching for San Francisco Giants : RHP Tim Welshman
|
Pitching: RHP Andrew Kindig
|
|
Batting: SHB Lewis Thorpe Jr.
|
0-0: Called Strike 0-1: Foul Ball, location: 2F 0-2: Foul Ball, location: 2F 0-2: SINGLE (Groundball, 6M, EV 97.5 MPH) (infield hit)
|
Batting: SHB Junzo Kato
|
0-0: Ball Lewis Thorpe Jr. is caught stealing 2nd base 2-6 1-0: Fly out, F7 (Flyball, 78M, EV 98.1 MPH)
|
Batting: RHB Bobby Muniz
|
0-0: Ground out 5-3 (Groundball, 56S, EV 91.9 MPH)
|
Bottom of the 9th over - 0 runs, 1 hit, 0 errors, 0 left on base; San Francisco 3 - Milwaukee 3 |
TOP OF THE 10TH |
San Francisco Giants batting - Pitching for Milwaukee Brewers : LHP Antonio Diaz
|
Pitching: RHP Javy Uribe
|
|
Batting: RHB Nick Rigden
|
0-0: Foul Ball, location: 2F 0-1: Called Strike 0-2: SINGLE (Flyball, 6D, EV 95.0 MPH)
|
Batting: RHB Lucan Esini
|
0-0: Ball Nick Rigden is caught stealing 2nd base 2-4 1-0: Called Strike 1-1: Foul Ball, location: 2F 1-2: Ball 2-2: Ball 3-2: Strikes out looking
|
Batting: RHB Sean Zielinski
|
0-0: Called Strike 0-1: Fly out, F9 (Flyball, 9D, EV 94.4 MPH)
|
Top of the 10th over - 0 runs, 1 hit, 0 errors, 0 left on base; San Francisco 3 - Milwaukee 3 |
BOTTOM OF THE 10TH |
Milwaukee Brewers batting - Pitching for San Francisco Giants : RHP Andrew Kindig
|
Batting: RHB Mike Thornton
|
0-0: Ball 1-0: Called Strike 1-1: Ball 2-1: Ground out 4-3 (Groundball, 4, EV 102.5 MPH)
|
Batting: SHB Pat Wilson
|
0-0: Foul Ball, location: 2F 0-1: Called Strike 0-2: Fly out, F7 (Flyball, 7LMF, EV 98.8 MPH)
|
Batting: RHB Adrian Rudkilde
|
0-0: Ground out 4-3 (Groundball, 4, EV 86.2 MPH)
|
Bottom of the 10th over - 0 runs, 0 hits, 0 errors, 0 left on base; San Francisco 3 - Milwaukee 3 |
TOP OF THE 11TH |
San Francisco Giants batting - Pitching for Milwaukee Brewers : RHP Javy Uribe
|
Batting: LHB Jack Henningar
|
0-0: Called Strike 0-1: Ball 1-1: SOLO HOME RUN (Flyball, 78XD, EV 111.9 MPH), Distance : 398 ft
|
Batting: SHB Ryan Doss
|
0-0: Ball 1-0: Swinging Strike 1-1: Called Strike 1-2: Strikes out swinging
|
Batting: LHB Carey Horncole
|
0-0: Called Strike 0-1: Fly out, F8 (Flyball, 8RD, EV 104.4 MPH)
|
Batting: RHB Nate Hodson
|
0-0: Called Strike 0-1: Ball 1-1: Foul Ball, location: 2F 1-2: DOUBLE (Line Drive, 89M, EV 86.2 MPH)
|
Batting: RHB John Creel
|
0-0: Ball 1-0: Foul Ball, location: 2F 1-1: Foul Ball, location: 2F 1-2: Ball 2-2: Strikes out swinging
|
Top of the 11th over - 1 run, 2 hits, 0 errors, 1 left on base; San Francisco 4 - Milwaukee 3 |
BOTTOM OF THE 11TH |
Milwaukee Brewers batting - Pitching for San Francisco Giants : RHP Andrew Kindig
|
Batting: RHB Akitada Nishizawa
|
0-0: Called Strike 0-1: Swinging Strike 0-2: Ball 1-2: Ground out 6-3 (Groundball, 56S, EV 80.6 MPH)
|
Batting: RHB Kisho Ito
|
0-0: Ball 1-0: Swinging Strike 1-1: Called Strike 1-2: Ball 2-2: Ground out 5-3 (Groundball, 5S, EV 85.0 MPH)
|
Batting: LHB Chad Persaud
|
0-0: Called Strike 0-1: Foul Ball, location: 2F 0-2: Ball 1-2: Ground out 4-3 (Groundball, 4, EV 101.2 MPH)
|
Bottom of the 11th over - 0 runs, 0 hits, 0 errors, 0 left on base; San Francisco 4 - Milwaukee 3 |
|